 Dungeon Crawl Stone Soup version 0.21.1-1-g345015f (webtiles) character file.

3 tidbits the Grasshopper (level 1, 12/13 HPs)
             Began as a Gnoll Wanderer on June 8, 2018.
             Quit the game on level 1 of the Dungeon.
             The game lasted 00:01:15 (124 turns).

tidbits the Grasshopper (Gnoll Wanderer)             Turns: 124, Time: 00:01:16

Health: 12/13      AC:  2    Str: 11    XL:     1   Next: 50%
Magic:  6/6        EV: 11    Int: 17    God:
Gold:   14         SH:  0    Dex: 14    Spells: 9/9 levels left

rFire    . . .     SeeInvis .   a - +0 dagger
rCold    . . .     Gourm    .   (no shield)
rNeg     . . .     Faith    .   B - +0 robe
rPois    .         Spirit   .   (no helmet)
rElec    .         Reflect  .   (no cloak)
rCorr    .         Harm     .   (no gloves)
MR       .....                  (no boots)
Stlth    +.........             (no amulet)
HPRegen  0.04/turn              (no ring)
MPRegen  0.10/turn              (no ring)

@: no status effects
A: distributed training, fangs 1, strong nose
a: no special abilities


You were on level 1 of the Dungeon.
You were not hungry.

You visited 1 branch of the dungeon, and saw 1 of its levels.

You collected 14 gold pieces.

Inventory:

Hand Weapons
 a - a +0 dagger (weapon)
Armour
 B - a +0 robe (worn)
Potions
 f - 2 potions of curing
Books
 b - Usiguh's Grimoire of Moulding

   Spells                             Type                      Level
   a - Sticks to Snakes               Transmutation                2
   b - Passwall                       Transmutation/Earth          2
 e - a book of Spatial Translocations

   Spells                             Type                      Level
   a - Blink                          Translocation                2
   b - Shroud of Golubria             Charms/Translocation         2
   c - Lesser Beckoning               Translocation                3
   d - Gell's Gravitas                Translocation                3
   e - Teleport Other                 Translocation                3
   f - Passage of Golubria            Translocation                4
Comestibles
 c - a ration


   Skills:
 + Level 0.0 Fighting
 + Level 0.0 Short Blades
 + Level 0.0 Long Blades
 + Level 0.0 Axes
 + Level 0.0 Maces & Flails
 + Level 0.0 Polearms
 + Level 0.0 Staves
 + Level 0.0 Slings
 + Level 0.0 Bows
 + Level 0.0 Crossbows
 + Level 0.0 Throwing
 + Level 0.0 Armour
 + Level 0.0 Dodging
 + Level 0.0 Stealth
 + Level 2.3 Shields
 + Level 0.0 Unarmed Combat
 + Level 4.8 Spellcasting
 + Level 0.0 Conjurations
 + Level 0.0 Hexes
 + Level 0.0 Charms
 + Level 0.0 Summonings
 + Level 0.0 Necromancy
 + Level 5.3 Translocations
 + Level 3.6 Transmutations
 + Level 0.0 Fire Magic
 + Level 0.0 Ice Magic
 + Level 0.0 Air Magic
 + Level 0.0 Earth Magic
 + Level 1.9 Poison Magic
 + Level 0.1 Invocations
 + Level 2.3 Evocations


You had 9 spell levels left.
You didn't know any spells.

Dungeon Overview and Level Annotations

Branches:
Dungeon (1/15)

Altars:


Innate Abilities, Weirdness & Mutations

Your experience applies equally to all skills.
You have very sharp teeth.
Your uncanny sense of smell can sniff out nearby items.


Message History

The demonspawn shouts!
The formicid twitches its antennae in your direction.
The minotaur bellows!
The draconian roars!
The ogre shouts!
The demigod shouts!
The elf shouts!
The dwarf shouts!
You open the door.
There is an open door here.
Found 11 gold pieces.
Found a potion of curing.
You see here 11 gold pieces.
You now have 11 gold pieces.
You open the door.
You see here a potion of curing.
f - 2 potions of curing (gained 1) As you open the door, it creaks loudly!
There is an open door here.
A bat comes into view.
The bat completely misses you. The bat barely misses you.
Found a robe.
Unknown command.
You miss the bat. The bat closely misses you.
You hit the bat. Your bite misses the bat.
The bat is moderately wounded.
The bat hits you but does no damage.
You closely miss the bat. The bat hits you but does no damage.
Wield which item (- for none, * to show all)? (? for menu, Esc to quit)
Okay, then.
The bat closely misses you. The bat hits you but does no damage.
The bat barely misses you.
A kobold comes into view.
The bat closely misses you. The bat closely misses you.
The bat closely misses you.
You hit the bat.
The bat is severely wounded.
The bat misses you. The bat barely misses you.
You hit the bat but do no damage. Your bite misses the bat.
The bat is severely wounded.
The bat hits you but does no damage.
You hit the bat.
You kill the bat!
The kobold shouts!
You barely miss the kobold. You bite the kobold, but do no damage.
The kobold hits you but does no damage.
You hit the kobold but do no damage. The kobold hits you.
You hit the kobold.
The kobold is moderately wounded.
The kobold hits you.
You hit the kobold.
You kill the kobold!
You see here a kobold corpse.
Found 3 gold pieces.
You see here 3 gold pieces.
You now have 14 gold pieces (gained 3).
A bat comes into view.
The bat hits you but does no damage.
You hit the bat.
The bat is severely wounded.
The bat hits you but does no damage. The bat barely misses you.
The bat hits you but does no damage.
You closely miss the bat.
The bat is moderately wounded.
The bat hits you but does no damage. The bat closely misses you.
You miss the bat.
The bat is moderately wounded.
The bat misses you. The bat barely misses you.
You hit the bat.
The bat is severely wounded.
The bat closely misses you. The bat misses you.
The bat hits you but does no damage. The bat hits you but does no damage.
The bat barely misses you. The bat misses you.
The bat hits you but does no damage.
You miss the bat. The bat barely misses you.
The bat hits you but does no damage.
You hit the bat.
The bat is severely wounded.
The bat closely misses you.
You closely miss the bat.
The bat is severely wounded.
The bat misses you. The bat hits you but does no damage.
You barely miss the bat.
The bat is severely wounded.
The bat closely misses you. The bat hits you but does no damage.
You barely miss the bat.
The bat is moderately wounded.
The bat misses you. The bat hits you but does no damage.
You miss the bat.
The bat is moderately wounded.
The bat closely misses you. The bat hits you but does no damage.
You hit the bat.
You kill the bat!
Unknown command.
Are you sure you want to abandon this character and quit the game? (Confirm with "yes".)

###########################
##m#c#p#M#h#N#i#n#Q#d#p#.#g#
.##############################
.'.........................'..#
.############################.#
##9#x#T#f#V#o#6#a#H#O#p#K#e#..#
###########################.##
#....#......# #.# #.#..#†####@#
#.# #####.#..#.# #.# ######.###
#..........####.# #........#
#.###...........# #........#
#.#
##################........#.
#.# #..........'........'. #.#
#.##########........#. #.#
#######.# #........## #.#
#.....†.####### ##########


There were no monsters in sight!

Vanquished Creatures
  2 bats (D:1)
  A kobold (D:1)
3 creatures vanquished.

Notes
Turn   | Place    | Note
-------+----------+-------------------------------------------
     0 | D:1      | tidbits the Gnoll Wanderer began the quest for the Orb.
     0 | D:1      | tidbits set off with: a book of Spatial Translocations, Usiguh's Grimoire of Moulding, a potion of curing, a +0 robe, a +0 dagger, a ration
     0 | D:1      | Reached XP level 1. HP: 13/13 MP: 6/6
     0 | D:1      | Identified Usiguh's Grimoire of Moulding
     2 | D:1      | Noticed a merfolk
     2 | D:1      | Noticed a gargoyle
     4 | D:1      | Noticed a centaur
     4 | D:1      | Noticed an octopode
     6 | D:1      | Noticed a human
     6 | D:1      | Noticed a troll
     8 | D:1      | Noticed a vine stalker
    10 | D:1      | Noticed a felid
    10 | D:1      | Noticed a vampire
    12 | D:1      | Noticed a naga
    14 | D:1      | Noticed a spriggan
    14 | D:1      | Noticed a demonspawn
    16 | D:1      | Noticed a ghoul
    16 | D:1      | Noticed a formicid
    18 | D:1      | Noticed a tengu
    18 | D:1      | Noticed a minotaur
    20 | D:1      | Noticed a draconian
    20 | D:1      | Noticed an ogre
    22 | D:1      | Noticed a demigod
    22 | D:1      | Noticed a halfling
    26 | D:1      | Noticed a dwarf
    26 | D:1      | Noticed an elf
   124 | D:1      | Quit the game

Action                   || total
-------------------------++-------
Melee: Dagger            ||    21
       Bite              ||     1
Armor: Robe              ||    17
Dodge: Dodged            ||    24

Table legend:
 A = Turns spent in this place as a percentage of turns spent in the entire game.
 B = Non-inter-level travel turns spent in this place as a percentage of non-inter-level travel turns spent in the entire game.
 C = Inter-level travel turns spent in this place as a percentage of turns spent in this place.
 D = Turns resting spent in this place as a percentage of non-inter-level travel turns spent in this place.
 E = Turns spent auto-exploring this place as a percentage of non-inter-level travel turns spent in this place.
 F = Non-inter-level travel turns spent in this place divided by the number of levels of this place that you've seen.
                   A       B       C       D       E      F
               +-------+-------+-------+-------+-------+----------------------
         Total | 100.0 | 100.0 |   0.0 |   0.0 |   0.0 | 124.0
       Dungeon | 100.0 | 100.0 |   0.0 |   0.0 |   0.0 | 124.0
               +-------+-------+-------+-------+-------+----------------------

Table legend:
 A = Kills in this place as a percentage of kills in entire the game.
 B = Kills by you in this place as a percentage of kills by you in the entire game.
 C = Kills by friends in this place as a percentage of kills by friends in the entire game.
 D = Other kills in this place as a percentage of other kills in the entire game.
 E = Experience gained in this place as a percentage of experience gained in the entire game.
 F = Experience gained in this place divided by the number of levels of this place that you have seen.
                   A       B       C       D       E      F
               +-------+-------+-------+-------+-------+----------------------
         Total | 100.0 | 100.0 |   N/A |   N/A | 100.0 |   5.0
       Dungeon | 100.0 | 100.0 |   N/A |   N/A | 100.0 |   5.0
               +-------+-------+-------+-------+-------+----------------------

Vault maps used:
D:1:      kb_arrival_jail, nemelex_xobeh_ov_fountains_minmay
